 Dungeon Crawl Stone Soup version 0.20-a0-795-ga03948b (webtiles) character file.

850 Goblin1989 the Carver (level 8, -4/59 HPs)
             Began as a Barachian Fighter on Mar 2, 2017.
             Slain by Menkaure (15 damage)
             ... on level 6 of the Dungeon.
             The game lasted 00:11:19 (4645 turns).

Goblin1989 the Carver (Barachian Fighter)           Turns: 4645, Time: 00:11:20

Health: -4/59      AC:  8    Str: 21    XL:     8   Next: 1%
Magic:  8/8        EV:  7    Int:  8    God:
Gold:   229        SH: 14    Dex: 11    Spells: 7/7 levels left

rFire    + . .     SeeInvis .   a - +0 long sword
rCold    . . .     Gourm    .   b - +0 scale mail
rNeg     . . .     Faith    .   c - +0 shield
rPois    +         Spirit   .   (no helmet)
rElec    .         Reflect  +   (no cloak)
rCorr    .         Harm     .   s - +0 pair of gloves
MR       .....                  (no boots)
Stlth    ..........             q - +5 amulet of reflection
Regen    0.2/turn               (no ring)
MPRegen  0.2/turn               f - ring of protection from fire

@: starving, slow
A: +LOS, swims, poison resistance, slowness 1, strong legs 1
a: Hop


You were on level 6 of the Dungeon.
You were starving.

You visited 1 branch of the dungeon, and saw 6 of its levels.

You collected 229 gold pieces.

Inventory:

Hand Weapons
 a - a +0 long sword (weapon)
Armour
 b - a +0 scale mail (worn)
 c - a +0 shield (worn)
 s - a +0 pair of gloves (worn)
Jewellery
 f - a ring of protection from fire (left hand)
 q - a +5 amulet of reflection (around neck)
 z - an uncursed amulet of faith {unknown}
Scrolls
 k - a scroll of remove curse {@r2}
 m - a scroll of amnesia {unknown}
 n - 2 scrolls of fog {unknown}
 o - 5 scrolls of identify {unknown}
 r - 3 scrolls of teleportation {unknown}
 v - 2 scrolls of magic mapping {unknown}
 y - a scroll of immolation {unknown}
Potions
 d - a potion of might
 g - a potion of brilliance {unknown}
 h - a potion of resistance
 j - 3 potions of curing {@q1}
 l - a potion of heal wounds {@q2, !q}
 t - a potion of invisibility {unknown}
 u - a potion of magic {unknown}
 w - 3 potions of degeneration {unknown}
Comestibles
 e - 5 bread rations {@e1}
 i - 4 royal jellies
 p - 4 fruits
 x - a meat ration {@e2}


   Skills:
 + Level 3.6 Fighting
 * Level 10.6 Long Blades
 + Level 3.7 Armour
 + Level 3.2 Shields


You had 7 spell levels left.
You didn't know any spells.

Dungeon Overview and Level Annotations

Branches:
Dungeon (6/15)
 Temple: D:4-7

Altars:
Dithmenos
Elyvilon
Gozag
Hepliaklqana
Sif Muna
Vehumet
Yredelemnul
Zin

Annotations:
D:3 exclusion: door
D:6 Menkaure


Innate Abilities, Weirdness & Mutations

Shadows flee at your approach. (+LOS)
You can swim through water.
You cover ground slowly.
You can hop short distances.
Your system is resistant to poisons. (rPois)


Message History

e - 5 bread rations {@e1} (gained 1)
You regained 7 hp, and now have 55/59 hp.
You open the door.
There is an open door here.
t - an amethyst potion You regained 2 hp, and now have 57/59 hp.
You open the door.
HP restored.
There is an open door here.
j - 3 potions of curing {@q1} (gained 1) Health restored: 59 You now have 220 gold pieces (gained 9).
i - 4 royal jellies (gained 1)
A big kobold comes into view.
The big kobold shouts!
A hobgoblin comes into view. It is wielding a club.
The hobgoblin shouts!
No reachable target in view!
As you open the door, it creaks loudly!
There is an open door here.
You open the door.
There is an open door here.
You are near starving!
Found a stone staircase leading down.
There is a stone staircase leading down here.
o - 5 scrolls labeled AKESTEYWNU (gained 1)
You now have 229 gold pieces (gained 9).
You open the door.
There is an open door here.
z - a small platinum amulet
Found a stone staircase leading up.
An orc comes into view. It is wielding a whip.
The orc shouts!
Found a stone staircase leading down.
You block the orc's attack. The orc barely misses you.
You hit the orc.
The orc is moderately wounded.
You hit the orc but do no damage.
The orc is moderately wounded.
The orc hits you but does no damage.
You barely miss the orc.
The orc is moderately wounded.
The orc hits you but does no damage.
You hit the orc.
The orc is heavily wounded.
The orc hits you but does no damage.
You hit the orc.
The orc is almost dead.
You block the orc's attack.
You slash the orc!
You kill the orc!
No target in view!
No target in view!
No target in view!
No target in view!
No target in view!
No target in view!
No target in view!
No target in view!
No target in view!
Things that are here:
a whip; a ring mail Marking area around Menkaure as unsafe for travelling.
Menkaure, Prince of Dust comes into view.
Menkaure shouts!
Menkaure calls on the powers of darkness!
Your body is wracked with pain!
You take 28 damage, and have 31/59 hp.
O_OOPS!!
MASSIVE DAMAGE!!
Unknown command.
You are starving!
Menkaure calls on the powers of darkness!
Your body is wracked with pain!
* * * LOW HITPOINT WARNING * * *
You take 14 damage, and have 18/59 hp.
O_OOPS!!
MASSIVE DAMAGE!!
Menkaure mumbles some strange words.
Menkaure seems to speed up.
Your shield and scale mail prevent you from hitting Menkaure.
You block Menkaure's attack.
You hit Menkaure but do no damage. You block Menkaure's attack.
Your shield prevents you from hitting Menkaure.
You block Menkaure's attack. x2
You hit Menkaure.
Menkaure is lightly damaged.
Menkaure hits you but does no damage.
You hit Menkaure but do no damage.
Menkaure is lightly damaged.
Menkaure calls on the powers of darkness!
Your body is wracked with pain!
* * * LOW HITPOINT WARNING * * *
You take 8 damage, and have 11/59 hp.
You hit Menkaure.
Menkaure is moderately damaged.
You block Menkaure's attack.
You slash Menkaure!
Menkaure is heavily damaged.
Menkaure barely misses you.
You hit Menkaure but do no damage.
Menkaure is heavily damaged.
Menkaure hits you!
You die...

████.>.....█
█....█..█).█
█. █..████.█
█....█..████
█. █....██.█
█.█..█..█ █.
█.......█
█.█.


████ .. ████.████ ..█ .. █.█ ..█ █.█ ..█ █.██████..█ █......@M.█
█████.███....... █........... ████████████ You could see Menkaure.

Vanquished Creatures
  The ghost of Alarkh the Digger, a novice DsEE (D:4)
  2 ogres
  A centaur (D:5)
  A bullfrog zombie (D:5)
  A centaur zombie (D:5)
  A hound (D:4)
  An iguana (D:5)
  4 worker ants (D:4)
  3 adders
  An ooze (D:1)
  An adder skeleton (D:4)
  2 worms (D:2)
  A dart slug (D:2)
  3 leopard geckos
  7 orcs
  5 giant cockroaches
  8 hobgoblins
  10 jackals
  5 kobolds
  2 quokkas
  11 bats
  5 frilled lizards
  4 goblins (D:2)
  A jackal skeleton (D:5)
  A leopard gecko skeleton (D:4)
  A quokka skeleton (D:4)
  8 rats
  A spectral orc (D:2)
92 creatures vanquished.

Notes
Turn   | Place    | Note
-------+----------+-------------------------------------------
     0 | D:1      | Goblin1989 the Barachian Fighter began the quest for the Orb.
     0 | D:1      | Reached XP level 1. HP: 18/18 MP: 1/1
    41 | D:1      | Reached skill level 3 in Long Blades
    41 | D:1      | Reached XP level 2. HP: 12/24 MP: 2/2
   501 | D:1      | Reached skill level 4 in Long Blades
   639 | D:2      | Reached XP level 3. HP: 29/29 MP: 3/3
   974 | D:2      | Reached skill level 5 in Long Blades
   974 | D:2      | Reached XP level 4. HP: 36/36 MP: 4/4
  1269 | D:2      | Found a basalt altar of Yredelemnul.
  1719 | D:3      | Found a deep blue altar of Sif Muna.
  2114 | D:4      | Reached skill level 6 in Long Blades
  2114 | D:4      | Reached XP level 5. HP: 30/41 MP: 5/5
  2286 | D:4      | Noticed an ogre
  2294 | D:4      | Gained mutation: Armour fits poorly on your strangely shaped body. [potion of mutation]
  2294 | D:4      | Lost mutation: Armour fits poorly on your strangely shaped body. [potion of mutation]
  2294 | D:4      | Gained mutation: Your system is resistant to poisons. (rPois) [potion of mutation]
  2301 | D:4      | Killed an ogre
  2301 | D:4      | Reached skill level 7 in Long Blades
  2414 | D:4      | Reached XP level 6. HP: 44/47 MP: 6/6
  2473 | D:4      | Noticed Alarkh's ghost (novice DsEE)
  2490 | D:4      | Killed Alarkh's ghost
  2490 | D:4      | Reached skill level 9 in Long Blades
  2490 | D:4      | Reached XP level 7. HP: 30/52 MP: 7/7
  3136 | D:5      | Entered Level 5 of the Dungeon
  3197 | D:5      | Found a white marble altar of Elyvilon.
  3208 | D:5      | Found a shadowy altar of Dithmenos.
  3364 | D:5      | Reached skill level 10 in Long Blades
  3446 | D:5      | Found an opulent altar of Gozag.
  3446 | D:5      | Found a radiant altar of Vehumet.
  3447 | D:5      | Found a glowing silver altar of Zin.
  3581 | D:5      | Goblin1989: !lg goblin1989 s=-god
  3581 | D:5      | beem: 1806 games for goblin1989: 2x Jiyva, 2x Pakellas, 3x Beogh, 3x Yredelemnul, 4x Zin, 4x Sif Muna, 5x Nemelex Xobeh, 7x Kikubaaqudgha, 7x The Shining One, 8x Uskayaw, 10x Xom, 10x Qazlal, 15x Fedhas, 16x Vehumet, 18x Elyvilon, 23x Hepliaklqana, 28x Ashenzari, 28x Dithmenos, 29x Lugonu, 39x Ru, 54x Cheibriados, 89x Makhleb, 92x Trog, 109x Gozag, 118x Okawaru, 1083x
  3767 | D:5      | Found a hazy altar of Hepliaklqana.
  3807 | D:5      | Reached XP level 8. HP: 35/59 MP: 8/8
  4629 | D:6      | Noticed Menkaure
  4645 | D:6      | Slain by Menkaure

Vault maps used:
D:1:      roderic_dead_forest
D:2:      yredelemnul_forgotten_temple_becter
D:3:      led_sif_book, corner_web_ring
D:5:      lemuel_crystal_altar, gammafunk_temple_overflow_claw,
          nicolae_overflow_hidden_temple, first_bread, dk_noncrumbling_3,
          nicolae_dithmenos_the_darkroom
D:6:      kennysheep_housing_project, hangedman_abyss_or_decor_stagger,
          uniq_menkaure

Skill      XL: |  1  2  3  4  5  6  7 |
---------------+----------------------+-----
Long Blades    | 3 4 5 6 7 9 10 | 10.6
Fighting       | |  3.6
Armour         | |  3.7
Shields        | |  3.2

Action                   |  1- 3 |  4- 6 |  7- 9 || total
-------------------------+-------+-------+-------++-------
Melee: Long sword        |    94 |   110 |   107 ||   311
 Abil: Hop               |       |     1 |       ||     1
  Use: Scroll            |     2 |       |     1 ||     3
       Potion            |       |     7 |       ||     7
  Eat: Chunk             |     1 |     5 |     6 ||    12
Armor: Scale mail        |    60 |    31 |    27 ||   118
Dodge: Dodged            |    38 |    20 |    18 ||    76
Block: Shield            |    63 |    79 |    68 ||   210
       Reflection        |       |     3 |     3 ||     6
       Rpst.: Long sword |     9 |     6 |     5 ||    20

Vault maps used:
D:1:      roderic_dead_forest
D:2:      yredelemnul_forgotten_temple_becter
D:3:      led_sif_book, corner_web_ring
D:5:      lemuel_crystal_altar, gammafunk_temple_overflow_claw,
          nicolae_overflow_hidden_temple, first_bread, dk_noncrumbling_3,
          nicolae_dithmenos_the_darkroom
D:6:      kennysheep_housing_project, hangedman_abyss_or_decor_stagger,
          uniq_menkaure
